Map: Nightshade LE

Players

antagomiR

  • Race: Protoss Protoss
  • League: Gold
  • Spawn Location: 5:00

exaltedshmo - Winner!

  • Race: Terran Terran
  • League: Silver
  • Spawn Location: 11:00

VOD

Have the link to the VOD?

Description

Time

  • Played on: April 11, 2020, 4:55 p.m.
  • Length: 19:47
Show
View Real Time Build Order
Export as new Build Order

antagomiR Protoss 

Build Orders:  

Get SALT Encoding   

  12  0:01  Probe  
  13  0:13  Probe  
  14  0:18  Pylon  
  14  0:25  Probe  
  15  0:39  Gateway  
  15  0:41  Probe  
  16  0:53  Probe  
  17  0:59  Assimilator  
  17  1:05  Probe  
  18  1:18  Probe  
  19  1:24  Assimilator  
  19  1:27  Cybernetics Core  
  19  1:44  Probe  
  19  1:56  Probe  
  19  2:00  Warp Gate (Chrono Boost)  
  20  2:01  Pylon  
  20  2:09  Stalker  
  22  2:21  Probe, Nexus  
  23  2:30  Pylon  
  23  2:33  Probe  
  24  2:56  Shield Battery  
  24  3:02  Stalker (Chrono Boost)  
  26  3:09  Probe  
  26  3:15  Robotics Facility  
  26  3:21  Probe  
  27  3:30  Gateway  
  27  3:34  Probe, Gateway  
  28  3:41  Probe  
  28  3:46  Probe  
  30  3:50  Sentry  
  30  3:53  Probe  
  33  3:58  Probe  
  35  4:03  Observer (Chrono Boost)  
  35  4:05  Probe  
  36  4:10  Probe  
  37  4:17  Probe  
  37  4:19  Immortal (Chrono Boost)  
  37  4:22  Probe  
  43  4:30  Probe  
  44  4:33  Pylon  
  44  4:34  Probe  
  45  4:39  Sentry  
  45  4:40  Sentry  
  45  4:42  Probe  
  50  4:46  Probe  
  50  4:52  Observer (Chrono Boost)  
  52  4:54  Probe  
  52  4:58  Probe  
  54  5:04  Immortal (Chrono Boost)  
  54  5:06  Probe  
  59  5:07  Stalker  
  59  5:08  Pylon  
  59  5:10  Probe  
  62  5:26  Probe x2  
  64  5:36  Pylon  
  64  5:38  Probe x2  
  64  5:42  Robotics Bay  
  66  5:48  Immortal  
  70  5:54  Probe x2  
  70  5:55  Twilight Council  
  72  6:07  Probe x2  
  74  6:14  Zealot x2  
  78  6:24  Pylon  
  78  6:27  Pylon  
  78  6:30  Pylon, Assimilator  
  78  6:32  Assimilator  
  78  6:42  Probe x2, Nexus  
  80  6:47  Pylon  
  80  6:49  Pylon  
  80  6:54  Probe  
  81  6:55  Zealot  
  81  6:56  Zealot x2  
  87  7:16  Probe x2  
  87  7:21  Colossus (Chrono Boost)  
  89  7:23  Shield Battery x2  
  89  7:28  Probe x2  
  97  7:37  Robotics Facility  
  97  7:40  Probe, Templar Archives  
  97  7:41  Pylon  
  98  7:47  Gateway x2  
  98  7:50  Gateway  
  98  7:51  Gateway  
  98  7:53  Probe x2  
  98  7:55  Gateway  
  98  7:56  Probe  
  98  7:57  Gateway  
  101  7:59  Gateway  
  101  8:04  Colossus (Chrono Boost)  
  101  8:05  Probe x2  
  103  8:08  Probe  
  110  8:23  Probe x3  
  113  8:31  Assimilator  
  113  8:32  Assimilator  
  113  8:35  Probe x2  
  113  8:38  Forge  
  115  8:42  Probe  
  115  8:46  Shield Battery  
  115  8:47  Probe x2, Colossus  
  124  8:51  Colossus  
  124  8:52  Zealot x5  
  124  8:54  Probe, Charge (Chrono Boost)  
  141  9:27  Pylon, Observer  
  141  9:29  Pylon  
  141  9:31  Pylon  
  141  9:33  Pylon  
  122  10:13  Probe  
  122  10:14  Probe  
  108  10:26  Probe x2  
  87  10:32  Stalker x5  
  87  10:35  Observer x2  
  92  10:38  Probe x2  
  85  10:49  Photon Cannon  
  85  10:50  Probe x2  
  85  10:51  Photon Cannon  
  85  10:53  Photon Cannon  
  85  10:54  Photon Cannon  
  85  10:56  Observer  
  88  11:01  Nexus  
  88  11:02  Probe x2  
  88  11:03  Pylon  
  90  11:04  Pylon  
  90  11:07  Stalker x4  
  90  11:08  Stalker x2  
  97  11:22  Probe x2  
  97  11:34  Probe x2  
  99  11:46  Probe  
  96  11:47  Zealot x4  
  96  11:48  Zealot x3  
  106  12:13  Nexus  
  106  12:22  Probe x2  
  108  12:30  Shield Battery  
  108  12:34  Probe  
  109  12:38  Assimilator  
  109  12:48  Zealot x2  
  95  13:31  Zealot x5  
  95  13:32  Zealot x2  
  109  13:36  Probe x2  
  109  13:38  Probe  
  112  13:48  Probe  
  113  13:50  Zealot  
  113  13:52  Assimilator  
  115  14:08  Probe x3  
  118  14:10  Colossus  
  118  14:13  Zealot x2  
  108  14:40  Probe  
  108  14:41  Probe x2  
  108  14:44  Colossus  
  113  14:47  Zealot x3  
  113  14:49  Zealot  
  121  14:53  Probe x3  
  124  15:05  Probe x3  
  127  15:21  Probe  
  127  15:22  Probe x2  
  130  15:34  Probe x3  
  69  16:26  Colossus x2  
  69  16:28  Zealot x2  
  69  16:29  Zealot x5  
  69  16:30  Zealot x2  
  99  16:53  Shield Battery  
  99  16:55  Photon Cannon  
  99  16:56  Photon Cannon  
  99  16:58  Stalker  
  99  16:59  Stalker x2  
  99  17:00  Zealot  
  99  17:01  Photon Cannon, Zealot x2  
  111  17:19  Colossus  
  111  17:20  Colossus  
  99  17:35  Zealot x5  
  99  17:36  Zealot x3  
  115  17:37  Zealot  
  99  17:49  Zealot  
  89  18:10  Zealot  
  89  18:12  Zealot x4  
  91  18:13  Colossus x2  
  97  18:40  Zealot x2  
  97  18:41  Zealot x5  
  96  18:52  Zealot x2  
  90  19:04  Zealot  
  90  19:05  Zealot  
  86  19:17  Zealot  
  88  19:26  Zealot x2  
  78  19:41  Zealot x2  
Show
View Real Time Build Order
Export as new Build Order

exaltedshmo Terran - Winner!

Build Orders: Reaper Expand 

Get SALT Encoding   

  12  0:01  SCV  
  13  0:14  Supply Depot  
  13  0:18  SCV  
  14  0:30  SCV  
  15  0:37  Barracks  
  15  0:42  Refinery  
  15  0:51  SCV  
  16  1:03  SCV  
  17  1:21  Supply Depot  
  17  1:37  Reaper  
  18  1:47  SCV  
  19  1:59  SCV  
  20  2:03  Command Center  
  20  2:10  Marine  
  21  2:23  Barracks  
  21  2:28  Factory  
  21  2:29  Marine  
  22  2:47  Marine  
  23  3:10  Marine  
  23  3:14  Factory Tech Lab  
  23  3:15  Refinery  
  23  3:17  Starport  
  23  3:18  Barracks Reactor  
  23  3:24  Orbital Command  
  23  3:28  Supply Depot  
  23  3:29  Refinery  
  23  3:31  SCV  
  23  3:33  Marine  
  25  3:48  Orbital Command  
  25  3:57  Siege Tank  
  28  4:14  Starport Tech Lab  
  28  4:16  SCV  
  29  4:18  Barracks Tech Lab  
  29  4:20  SCV  
  30  4:28  SCV  
  31  4:38  Supply Depot  
  31  4:39  Engineering Bay  
  31  4:42  SCV x2  
  33  4:51  Marine  
  34  4:54  Marine x2, SCV x2  
  38  5:02  Medivac  
  38  5:03  Siege Tank  
  43  5:09  Missile Turret  
  43  5:12  SCV  
  44  5:15  SCV  
  44  5:17  Marine  
  44  5:18  Marine  
  47  5:23  Marauder  
  47  5:26  Stimpack  
  49  5:38  Medivac, Hellion  
  53  5:46  SCV x2  
  53  5:47  Marine x2  
  58  5:52  Marauder  
  58  5:56  Barracks  
  59  6:05  Marine x2  
  61  6:11  SCV  
  62  6:20  Supply Depot  
  62  6:22  Supply Depot  
  62  6:24  Supply Depot  
  62  6:30  Marine x2, SCV x2  
  66  6:42  SCV  
  66  6:46  Marine  
  68  6:48  Marine  
  69  7:04  Marine x2  
  69  7:05  Marine  
  72  7:13  Siege Tank  
  72  7:14  Banshee  
  76  7:19  Barracks Reactor  
  76  7:42  SCV x2  
  78  7:44  Combat Shield  
  78  7:47  Siege Tank  
  78  7:50  Command Center  
  81  7:56  Barracks  
  81  7:57  Terran Infantry Weapons Level 1  
  81  8:01  Engineering Bay  
  81  8:06  Marine  
  81  8:07  Marine x2  
  81  8:09  Banshee  
  81  8:12  Cloaking Field  
  87  8:16  Marine  
  87  8:18  Marauder  
  90  8:28  SCV  
  90  8:29  SCV  
  90  8:31  Marine x2  
  94  8:44  Supply Depot  
  94  8:45  Supply Depot  
  94  8:46  Supply Depot  
  94  8:50  Supply Depot  
  94  9:01  Marine x2, SCV x2  
  94  9:02  Marauder  
  100  9:03  Concussive Shells  
  100  9:15  Siege Tank  
  100  9:16  Medivac  
  105  9:23  Marauder  
  107  9:45  Marauder  
  109  9:46  Medivac  
  109  9:47  Siege Tank  
  109  9:49  Marine  
  109  9:50  Marine x4  
  119  10:27  Marine  
  119  10:28  Marine x3  
  89  10:39  Marine x2  
  88  10:45  Marine  
  88  10:48  Marine x3  
  92  10:57  Marine  
  91  11:20  Marine x4  
  91  11:22  Barracks Reactor  
  91  11:25  SCV x2  
  95  11:26  Orbital Command  
  94  11:33  Factory, Barracks  
  94  11:35  Starport  
  94  11:37  SCV x2  
  86  11:49  Marine x4  
  86  11:50  Marine  
  78  12:01  Siege Tank  
  80  12:07  Marine x2  
  82  12:16  Starport Tech Lab  
  82  12:17  Factory Tech Lab  
  82  12:21  Barracks Reactor  
  82  12:22  Marine  
  82  12:23  Marine x4  
  82  12:24  Barracks  
  87  12:33  Siege Tank  
  87  12:34  Marine x2  
  92  12:40  Marine  
  93  12:50  SCV x2  
  93  12:51  SCV  
  96  13:05  Siege Tank  
  76  13:20  Marine x4  
  76  13:21  Marine  
  80  13:29  Marine x4  
  84  13:37  Siege Tank  
  84  13:38  Marine x3  
  92  13:44  Siege Tank  
  93  13:50  Medivac x2  
  93  13:54  Barracks Reactor  
  97  13:59  SCV x2  
  97  14:00  SCV  
  97  14:01  Marine x5  
  97  14:02  Marine x4  
  109  14:09  Siege Tank  
  112  14:12  Starport  
  112  14:15  Starport  
  112  14:16  Siege Tank  
  115  14:20  Viking x2  
  104  14:41  Siege Tank  
  104  14:42  Marine x6  
  104  14:43  Marine  
  104  14:45  SCV x3  
  117  14:49  Siege Tank  
  120  14:57  SCV x3  
  123  15:00  Refinery, Terran Infantry Armor Level 1  
  123  15:05  Armory  
  123  15:07  Fusion Core  
  123  15:09  SCV x2  
  123  15:10  SCV  
  123  15:13  Siege Tank  
  121  15:21  SCV x2, Siege Tank  
  124  15:22  Command Center  
  114  15:41  Marine x5  
  114  15:42  Marine  
  92  15:59  Marine x4  
  92  16:00  Marine  
  90  16:10  Marine x3  
  90  16:11  Marine  
  92  16:17  Marine x2  
  92  16:22  Marine  
  92  16:23  Marine x2  
  93  16:28  Marine x4  
  97  16:35  Marine  
  97  16:36  Planetary Fortress  
  98  16:40  Factory  
  98  16:41  SCV x2  
  98  16:42  SCV  
  98  16:46  Terran Infantry Weapons Level 2  
  101  16:49  Starport Tech Lab x2  
  101  16:53  SCV, Battlecruiser  
  101  16:54  SCV x2  
  110  16:58  Widow Mine x2  
  114  17:18  Marine x2  
  114  17:19  Marine x6, Widow Mine x2  
  114  17:20  Marine  
  121  17:30  Refinery  
  121  17:36  Marine  
  122  17:41  Marine, Widow Mine x2  
  122  17:42  Marine x7  
  132  17:54  Marine  
  126  17:59  Marine x2  
  126  18:00  Marine x5  
  126  18:01  Marine  
  130  18:12  Marine  
  131  18:17  Marine x2  
  118  18:44  Marine x7  
  118  18:45  Marine x2  
  123  19:01  Marine  
  123  19:02  Marine x8  
  131  19:19  Marine x2  
  131  19:21  Marine x5  
  131  19:22  Marine x2  
Tags
 
Matchup
PvT
Replay Pack
20200422
Spawn Locations
Cross Positions
Add a new tag
Caveats
  • Supply blocks, unpowered buildings, or Contaminate may cause inaccurate times.
  • Supply counts are checked every 10 seconds.